 Dungeon Crawl Stone Soup version 0.29-a0-810-g3812dd5c9c (webtiles) character file.

Game seed: 3974935237050753009

3374 zerobeta the Cleaver (level 10, -4/76 HPs)
             Began as a Human Berserker on July 4, 2022.
             Was a Priest of Trog.
             Slain by a death yak (12 damage)
             ... on level 7 of the Dungeon.
             The game lasted 00:25:05 (9750 turns).

zerobeta the Cleaver (Human Berserker)              Turns: 9750, Time: 00:25:06

Health: -4/76      AC: 13    Str: 21    XL:     10   Next: 23%
Magic:  10/10      EV:  9    Int:  8    God:    Trog [***...]
Gold:   276        SH:  5    Dex: 13    Spells: 9/9 levels left

rFire   . . .      SeeInvis .   G - +2 war axe (elec)
rCold   . . .      Faith    .   (no shield)
rNeg    . . .      Spirit   .   d - +0 chain mail
rPois   .          Reflect  +   e - +0 helmet
rElec   .          Harm     .   (no cloak)
rCorr   .          Rampage  .   (no gloves)
Will    ++...                   u - +0 pair of boots
Stlth   ..........              k - amulet of reflection
HPRegen 1.22/turn               (no ring)
MPRegen 0.12/turn               (no ring)

@: strong-willed, on berserk cooldown, regenerating, slowed, studying Long
Blades, very slow
A: no striking features
a: Renounce Religion, Berserk, Trog's Hand


You were on level 7 of the Dungeon.
You worshipped Trog.
Trog was most pleased with you.
You visited 1 branch of the dungeon, and saw 8 of its levels.
You also visited: Sewer.

You collected 326 gold pieces.
You spent 50 gold pieces at shops.

Inventory:

Hand Weapons
 a - a +0 hand axe
 y - the +4 long sword of Skirmishing {flame, rC+ rN+ Int+2}
   (You found it on level 3 of the Dungeon)

   It burns those it strikes, dealing additional fire damage.
   Big, fiery blades are also staple armaments of hydra-hunters.
   Int:       It affects your intelligence (+2).
   rC:        It protects you from cold.
   rN:        It protects you from negative energy.
 B - a +0 hand axe
 G - a +2 war axe of electrocution (weapon)
Armour
 b - a +0 animal skin
 d - a +0 chain mail (worn)
 e - a +0 helmet (worn)
 o - a +0 ring mail
 u - a +0 pair of boots (worn)
 z - a +1 leather armour of poison resistance
Magical Staves
 x - a staff of cold
Jewellery
 f - an amulet of the acrobat
 k - an amulet of reflection (around neck)
 F - a ring of protection from cold
Wands
 E - a wand of roots (13)
 J - a wand of flame (13)
 K - a wand of paralysis (22)
Scrolls
 h - 4 scrolls of noise {unknown}
 i - 3 scrolls of fog {unknown}
 j - 9 scrolls of teleportation {unknown}
 l - 4 scrolls of poison {unknown}
 m - 2 scrolls of vulnerability {unknown}
 p - a scroll of enchant armour {unknown}
 q - 5 scrolls of identify {unknown}
 r - 3 scrolls of blinking
 A - a scroll of amnesia {unknown}
 C - a scroll of enchant weapon {unknown}
 D - 3 scrolls of magic mapping {unknown}
 I - a scroll of fear {unknown}
Potions
 c - 2 potions of attraction
 g - 2 potions of might {unknown}
 n - 4 potions of curing {unknown}
 s - 2 potions of haste {unknown}
 t - a potion of mutation {unknown}
 v - 2 potions of lignification {unknown}
 H - a potion of magic {unknown}


   Skills:
 + Level 6.2 Fighting
 + Level 9.9 Axes
 + Level 6.9 Armour
 + Level 3.9 Dodging
 + Level 1.6 Stealth
 + Level 3.7 Shields


You had 9 spell levels left.
You didn't know any spells.
Your spell library was empty.

Dungeon Overview and Level Annotations

Branches:
Dungeon (8/15)             Temple (0/1) D:6           Sewer (visited)
   Lair: D:8-11

Altars:
Ashenzari

Shops:
D:4 !


Message History

You are exhausted.
You feel yourself slow down.
A death yak comes into view.
The death yak bellows!
The death yak gores you but does no damage.
A death yak comes into view.
You hit the death yak but do no damage.
The death yak is heavily wounded.
You hit the death yak. You block the death yak's attack. x2
You hit the death yak.
The death yak is heavily wounded.
You hit the death yak but do no damage.
Lightning courses through the death yak!
You hear the faint creaking of a very distant portcullis.
The death yak gores you! x2
* * * LOW HITPOINT WARNING * * *
The death yak gores you.
* * * LOW HITPOINT WARNING * * *
The death yak gores you.
* * * LOW HITPOINT WARNING * * *
Okay, then.
You feel much better.
The death yak gores you but does no damage.
The death yak gores you!
* * * LOW HITPOINT WARNING * * *
Blink to where?
Press: ? - help, Dir - move target
As you read the scroll of blinking, it crumbles to dust.
The death yak gores you!
* * * LOW HITPOINT WARNING * * *
The death yak barely misses you.
The death yak gores you but does no damage.
You climb upwards.
There is a stone staircase leading down here.
Okay, then.
The death yak gores you but does no damage.
Your skin crawls.
You feel strong-willed. The death yak gores you!
You die...

#..###.# #.# #.# #.# #..# #.#
##'## #.####.# #..# #.#
##...## #......# ###.###.#
##.....## ##.###### ≈≈#.#.#.#
##.......## ##..#
.≈#.....###.........####...##
.≈#.......'.........'.......#
.≈#(...####.....Y...####...##
.≈#.#.######....@..## ##..#
.≈#.......###.....## ##.#
.≈#..####.# ##...## ##.###
≈§#...# #.# ##'## #....#
###...# #.# #.# #.#..# #.#<#
#.# #.# #....# #.#.###.#
##.## ###.##
#......)####...## #.#
###.............# #.#


You could see a death yak.

Vanquished Creatures
  2 hornets
  A yak (D:8)
  2 water moccasins (D:7)
  An orc warrior (D:7)
  2 ice beasts
  2 sky beasts (D:6)
  3 centaurs
  An ogre (D:5)
  A phantom (D:6)
  3 bullfrogs
  5 necrophages
  3 scorpions
  7 wights (D:7)
  A killer bee (D:4)
  3 howler monkeys
  3 orc priests
  A jelly (D:4)
  A gnoll bouda (D:4)
  6 orc wizards
  5 adders
  9 gnolls
  A shadow imp (D:6)
  A white imp (D:7)
  3 ufetubi
  2 worms
  3 dart slugs
  21 orcs
  8 ball pythons
  11 endoplasms
  6 giant cockroaches
  4 goblins
  4 hobgoblins
  9 kobolds
  7 quokkas
  9 bats
  8 frilled lizards
  3 rats
162 creatures vanquished.

Notes
Turn   | Place    | Note
-------+----------+-------------------------------------------
     0 | D:1      | zerobeta the Human Berserker began the quest for the Orb.
     0 | D:1      | Reached XP level 1. HP: 18/18 MP: 1/1
    48 | D:1      | HP: 1/27 [quokka (5)]
   488 | D:1      | Reached XP level 2. HP: 23/24 MP: 2/2
  1400 | D:2      | Reached XP level 3. HP: 22/29 MP: 3/3
  2161 | D:2      | Found a broken altar of Ashenzari.
  2297 | D:3      | Reached XP level 4. HP: 24/35 MP: 4/4
  2569 | D:3      | Identified the +4 long sword of Skirmishing {flame, rC+ rN+
                  | Int+2}
  2630 | D:3      | Reached ** piety under Trog
  2804 | D:3      | Reached skill level 4 in Axes
  3482 | D:4      | Found Gaenke Lonli's Distillery.
  3489 | D:4      | Bought a potion of heal wounds for 50 gold pieces
  3587 | D:4      | Noticed a necrophage
  3601 | D:4      | Killed a necrophage
  3602 | D:4      | Reached XP level 5. HP: 36/41 MP: 5/5
  3609 | D:4      | Reached XP level 6. HP: 34/48 MP: 6/6
  4169 | D:4      | Reached skill level 5 in Axes
  4169 | D:4      | Reached skill level 1 in Shields
  4721 | D:4      | Reached XP level 7. HP: 47/54 MP: 7/7
  5004 | D:5      | Entered Level 5 of the Dungeon
  5047 | D:5      | Found a glowing drain.
  5087 | Sewer    | Entered a sewer
  5891 | D:5      | Reached skill level 6 in Axes
  6169 | D:5      | Reached XP level 8. HP: 29/61 MP: 8/8
  7154 | D:6      | Found a staircase to the Ecumenical Temple.
  7260 | D:6      | Reached skill level 5 in Fighting
  7263 | D:6      | Reached *** piety under Trog
  7266 | D:6      | Reached skill level 7 in Axes
  7530 | D:6      | Reached XP level 9. HP: 68/68 MP: 9/9
  7540 | D:6      | Reached skill level 5 in Armour
  7854 | D:6      | Reached skill level 8 in Axes
  8014 | D:7      | Noticed a hornet
  8019 | D:7      | Paralysed by a hornet for 1 turns
  8021 | D:7      | Killed a hornet
  8024 | D:7      | Reached skill level 1 in Stealth
  8950 | D:7      | Reached skill level 9 in Axes
  9326 | D:7      | Reached XP level 10. HP: 76/76 MP: 10/10
  9712 | D:8      | Noticed a death yak
  9718 | D:8      | Noticed a death yak
  9718 | D:8      | Noticed a death yak
  9739 | D:8      | Noticed a death yak
  9740 | D:8      | Noticed a death yak
  9750 | D:7      | Slain by a death yak

Illustrated notes

Levels and vault maps discovered:
D:1:      dreamdust_arrival_beginning_and_end, layout_basic, minivault_19,
          corexii_corridor_pit, amcnicky_mini_pool_small,
          chequers_serial_rivers_micro_d, minmay_crystal_room
D:2:      layout_basic, basic_altar
D:3:      layout_loops_corners, minmay_cupped
D:4:      layout_loops_cross, serial_shops, shop, moated_statue,
          minmay_manual_moon
D:5:      layout_loops_ring, cheibrodos_sewer_entry_bend
D:6:      layout_gridville, temple_green
D:7:      layout_loops_corners, kennysheep_generic_room_7
D:8:      cheibrodos_ideogram_h, layout_basic, dpeg_lair_monsters,
          enter_bailey_2

Skill      XL: |  1  2  3  4  5  6  7  8  9 |
---------------+----------------------------+-----
Axes           | 4 5 6 7 9 |  9.9
Armour         | 3 4 6 |  6.9
Shields        | 1 2 3 |  3.7
Fighting       | 4 5 6 |  6.2
Dodging        | 3 |  3.9
Stealth        | 1 |  1.6

Action                   |  1- 3 |  4- 6 |  7- 9 | 10-12 || total
-------------------------+-------+-------+-------+-------++-------
Melee: Hand axe          |    76 |   111 |   220 |       ||   407
       Punch             |     1 |     1 |     3 |       ||     5
       War axe           |       |       |   158 |    37 ||   195
Invok: Berserk           |     1 |     2 |     8 |     1 ||    12
       Trog's Hand       |       |       |       |     1 ||     1
  Use: Potion            |       |     1 |       |     3 ||     4
       Scroll            |       |       |       |     1 ||     1
Armor: Chain mail        |    21 |    60 |   208 |    16 ||   305
       Animal skin       |     2 |       |       |       ||     2
Dodge: Dodged            |    32 |    37 |   145 |    14 ||   228
Block: Other             |     2 |    29 |    86 |     8 ||   125

Table legend: (Time is in decaauts)
 A = Elapsed time spent in this place.
 B = Non-inter-level travel time spent in this place.
 C = Inter-level travel time spent in this place.
 D = Time resting spent in this place.
 E = Time spent auto-exploring this place.
 F = Levels seen in this place.
 G = Mean time per level.
                   A        B        C        D        E       F      G
               +--------+--------+--------+--------+--------+-----+--------+
         Total |   9985 |   9797 |    188 |   1411 |   6596 |   9 | 1109.4 |
       Dungeon |   9292 |   9104 |    188 |   1189 |   6596 |   8 | 1161.5 |
         Sewer |    693 |    693 |      0 |    222 |      0 |   1 |  693.0 |
               +--------+--------+--------+--------+--------+-----+--------+

Top non-repeatable levels by time:
     D:7: 1676 daAuts
     D:4: 1547 daAuts
     D:1: 1414 daAuts
     D:5: 1280 daAuts
     D:3: 1203 daAuts
     D:6: 1170 daAuts
     D:2: 892 daAuts
   Sewer: 693 daAuts
     D:8: 106 daAuts
